 Dungeon Crawl Stone Soup version 0.31.0-11-ge490571c62 (webtiles) character file.

Game seed: 12361454778622410432

553 SnakkuSnakku7 the Insei (level 7, -1/56 HPs)
             Began as a Merfolk Air Elementalist on Jan 31, 2024.
             Was a Believer of Makhleb.
             Slain by an ice beast (6 damage)
             ... on level 6 of the Dungeon.
             The game lasted 00:05:11 (3464 turns).

SnakkuSnakku7 the Insei (Merfolk Air Elementalist)  Turns: 3464, Time: 00:05:11

Health: -1/56      AC:  9    Str: 10    XL:     7   Next: 29%
Magic:  10/10      EV: 11    Int: 14    God:    Makhleb [**....]
Gold:   220        SH:  0    Dex: 15    Spells: 9/10 levels left

rFire   + .          .
                       - Unarmed
rCold   + . .        (no shield)
rNeg    + . .        j - +1 ring mail of Asef {rN+ SInv}
rPois   +            (no helmet)
rElec   +            f - +2 cloak
rCorr   +            (no gloves)
SInv    +            (no boots)
Will    .....        (no amulet)
Stlth   +            i - ring of wizardry
HPRegen 0.29/turn    (no ring)
MPRegen 0.12/turn

%: wizardry (x1)
@: resistant
A: (nimble swimmer 2), mertail
a: Renounce Religion, Minor Destruction


You were on level 6 of the Dungeon.
You worshipped Makhleb.
Makhleb was pleased with you.
You visited 1 branch of the dungeon, and saw 6 of its levels.

You collected 220 gold pieces.

Inventory:

Missiles
 n - a throwing net
Armour
 a - a +0 robe
 f - a +2 cloak (worn)
 j - the +1 ring mail of Asef (worn) {rN+ SInv}
   (You found it on level 2 of the Dungeon)

   rN+:       It protects you from negative energy.
   SInv:      It lets you see invisible.
Jewellery
 i - a ring of wizardry (left hand)
Scrolls
 c - a scroll of summoning {unknown}
 e - 2 scrolls of vulnerability {unknown}
 k - 2 scrolls of amnesia {unknown}
 m - 3 scrolls of enchant weapon {unknown}
 o - a scroll of immolation {unknown}
 q - a scroll of brand weapon {unknown}
 t - a scroll of noise {unknown}
Potions
 b - a potion of magic
 d - a potion of mutation {unknown}
 h - 2 potions of heal wounds {unknown}
 l - 2 potions of enlightenment {unknown}
 p - a potion of brilliance
 r - a potion of attraction
 s - a potion of curing


   Skills:
 - Level 5.0 Fighting
 - Level 2.6 Dodging
 - Level 2.1 Stealth
 + Level 6.2 Unarmed Combat
 - Level 2.0 Spellcasting
 - Level 0.7 Conjurations
 - Level 2.4 Air Magic


You had 9 spell levels left.
You knew the following spells:

 Your Spells              Type           Power      Damage    Failure   Level
a - Shock                 Conj/Air       20%        1d4       13%         1

Your spell library contained the following spells:

 Spells                   Type           Power      Damage    Failure   Level
 Static Discharge         Conj/Air       10%        3-4/arc   21%         2
 Mercury Vapours          Alch/Air       8%         N/A       22%         2
 Swiftness                Air            8%         N/A       26%         3
 Mephitic Cloud           Conj/Alch/Air  4%         N/A       43%         3
 Airstrike                Air            4%         2d(1-17)  65%         4
 Freezing Cloud           Conj/Ice/Air   2%         6-21      98%         5


Dungeon Overview and Level Annotations

Branches:
Dungeon (6/15)
 Temple: D:4-7

Altars:
Makhleb


Innate Abilities, Weirdness & Mutations

((You are very nimble when in or above water. (Stealth+, EV+, Speed+++)))
Your lower body shifts to a powerful aquatic tail in water.


Message History

You feel protected.
You hear the slow rusting of a distant drain.
The ice beast hits you but does no damage.
You hit the ice beast.
The ice beast is lightly wounded.
The ice beast closely misses you.
You hit the ice beast.
The ice beast is lightly wounded.
The ice beast barely misses you.
You hit the ice beast but do no damage.
The ice beast is lightly wounded.
The ice beast hits you but does no damage.
You hit the ice beast but do no damage.
The ice beast is lightly wounded.
You hit the ice beast.
The ice beast is moderately wounded.
The ice beast hits you but does no damage.
You hit the ice beast but do no damage.
The ice beast is moderately wounded.
The ice beast hits you but does no damage.
You barely miss the ice beast.
The ice beast is moderately wounded.
The ice beast hits you. The ice beast freezes you. You resist.
* * * LOW HITPOINT WARNING * * *
You barely miss the ice beast.
The ice beast is moderately wounded.
The ice beast hits you.
* * * LOW HITPOINT WARNING * * *
The ice beast freezes you. You resist.
* * * LOW HITPOINT WARNING * * *
You hit the ice beast but do no damage.
The ice beast is moderately wounded.
The ice beast hits you.
* * * LOW HITPOINT WARNING * * *
The ice beast freezes you. You resist.
* * * LOW HITPOINT WARNING * * *
You feel better. The ice beast hits you.
* * * LOW HITPOINT WARNING * * *
The ice beast freezes you. You resist.
You die...

.. #.....#
######+#
...##.....####.#
#.......
.............#.#
#.......
.......c.....#.#
#.......
.............#.#
#.......
.............+.#
#.......
###..........#.###
#.......
#..........#...#
#.......
#..........#@..#
#.......
#..........#Y..#
########
#########......#
####...## #....#
#....#############
#......##.........
#...##.##.........
#...##.##.........


You could see an ice beast.

Vanquished Creatures
  An ogre (D:6)
  2 centaurs (D:6)
  A hound (D:6)
  An iguana (D:4)
  3 orc wizards
  A gnoll (D:6)
  8 adders
  14 orcs
  8 ball pythons
  11 endoplasms
  4 giant cockroaches
  4 goblins
  4 hobgoblins
  4 jackals (D:4)
  8 kobolds
  3 quokkas
  7 bats
  6 rats
90 creatures vanquished.

Notes
Turn   | Place    | Note
-------+----------+-------------------------------------------
     0 | D:1      | SnakkuSnakku7 the Merfolk Air Elementalist began the quest
                  | for the Orb.
     0 | D:1      | Reached XP level 1. HP: 13/13 MP: 3/3
    71 | D:1      | Reached skill level 1 in Fighting
    71 | D:1      | Reached skill level 1 in Unarmed Combat
   119 | D:1      | Reached XP level 2. HP: 10/21 MP: 0/5
   781 | D:2      | Identified the +1 ring mail of Asef {rN+ SInv}
   820 | D:2      | Reached skill level 2 in Unarmed Combat
   820 | D:2      | Reached XP level 3. HP: 13/27 MP: 6/6
  1100 | D:2      | Found a faded altar of an unknown god.
  1119 | D:2      | Reached XP level 4. HP: 30/34 MP: 7/7
  1133 | D:2      | Prayed at the altar of an unknown god.
  1133 | D:2      | Became a worshipper of Makhleb the Destroyer
  1133 | D:2      | Reached * piety under Makhleb
  1855 | D:3      | Reached skill level 3 in Unarmed Combat
  2194 | D:3      | Reached ** piety under Makhleb
  2382 | D:4      | Reached XP level 5. HP: 41/41 MP: 8/8
  2701 | D:3      | Reached skill level 4 in Unarmed Combat
  2888 | D:4      | Reached XP level 6. HP: 42/48 MP: 9/9
  3002 | D:5      | Entered Level 5 of the Dungeon
  3049 | D:5      | Noticed an ice beast
  3262 | D:6      | Reached skill level 5 in Fighting
  3262 | D:6      | Reached skill level 5 in Unarmed Combat
  3364 | D:6      | Reached XP level 7. HP: 38/56 MP: 10/10
  3454 | D:6      | Reached skill level 6 in Unarmed Combat
  3463 | D:6      | HP: 1/56 [ice beast (3)]
  3464 | D:6      | Slain by an ice beast

Illustrated notes

Levels and vault maps discovered:
D:1:      lightli_molten_gateway, layout_basic
D:2:      layout_basic, hellmonk_ecumenical_altar_lost_god,
          hangedman_decor_lopped, supply_closet_lemuel, minmay_hexomino_u4
D:3:      layout_loops_corners, minmay_misc_feat_doors
D:4:      layout_rooms
D:5:      layout_basic
D:6:      layout_basic, gup_sewer_entry_glass, uniq_duvessa

Skill      XL: |  1  2  3  4  5  6  7 |
---------------+----------------------+-----
Fighting       | 1 2 3 4 5 |  5.0
Unarmed Combat | 1 2 3 4 5 6 |  6.2
Dodging        | |  2.6
Stealth        | |  2.1
Spellcasting   | |  2.0
Conjurations   | |  0.7
Air Magic      | |  2.4

Action                     |  1- 3 |  4- 6 |  7- 9 || total
---------------------------+-------+-------+-------++-------
  Melee: Unarmed           |   126 |   315 |    29 ||   470
         Punch             |     4 |     9 |     1 ||    14
   Cast: Shock             |     8 |       |       ||     8
    Use: Potion            |       |     2 |     2 ||     4
         Scroll            |       |     5 |       ||     5
   Stab: Sleeping          |     2 |     5 |       ||     7
 Armour: Robe              |    31 |       |       ||    31
         Ring mail         |    55 |   203 |    31 ||   289
         Skin              |       |    20 |       ||    20
  Dodge: Dodged            |    84 |   182 |    18 ||   284
